Workbook
Name cat_1_dépenses: Catégories!$B:$B
Name cat_1_revenus: Catégories!$F:$F
Name cat_2_dépenses: Catégories!$C:$C
Name cat_2_revenus: Catégories!$G:$G
Name keyword_dépenses: Catégories!$A$3:$C$40
Name keyword_revenus: Catégories!$E:$E
Name liste_cat1_dépenses: Catégories!$I$3:$AG$3
Name liste_cat1_revenus: Catégories!$I$53:$AG$53
Name liste_cat2_dépenses: Catégories!$I:$I
Name liste_cat2_revenus: Catégories!$I:$I

Sheet Infos
C5: Anciennes formules | D5: "=IF(V3<0;IF(OR(ISNUMBER(SEARCH(keyword_dépenses;C3)));INDEX(cat_1_dépenses;MATCH(TRUE;ISNUMBER(SEARCH(keyword_dépenses;C3));0));"Pas oiuou");IF(OR(ISNUMBER(SEARCH(keyword_revenus;C3)));INDEX(cat_1_revenus;MATCH(TRUE;ISNUMBER(SEARCH(keyword_revenus;C3));0));"Pas de catégorie"))"
D6: "=IF(T3="A CLASSER";liste_cat1_dépenses;IF(V3<0;IF(OR(ISNUMBER(SEARCH(keyword_dépenses;C3)));INDEX(1;MATCH(TRUE;ISNUMBER(SEARCH(keyword_dépenses;C3));0));0);IF(OR(ISNUMBER(SEARCH(keyword_revenus;C3)));INDEX(cat_2_revenus;MATCH(TRUE;ISNUMBER(SEARCH(keyword_revenus;C3));0));"Pas de catégorie")))"

Sheet Catégories
A1: Dépenses | E1: Revenus
A2: Mot Clef | B2: Catégorie 1 | C2: Catégorie 2 | E2: Mot Clef | F2: Catégorie 1 | G2: Catégorie 2 | I2: Liste Catégorie 1 et Catégorie 2 en dépenses
A3: MCP | B3: Abonnements | C3: Télécom | E3: CHRA | F3: Dons et cadeaux | G3: Retours magasins | I3: Quotidien | J3: Santé | K3: Abonnements | L3: Logement | M3: Transports | N3: Impôts et frais bancaires | O3: Divers | AG3: A classer
A4: HOFER | B4: Abonnements | C4: Presse | E4: CPAM | F4: Ventes | G4: Santé | I4: Alimentation | J4: Pharmacie | K4: Télécom | L4: Energie | M4: Carburant | N4: IR | O4: A classer | AG4: A classer
A5: BOUCHERIE | B5: Quotidien | C5: Alimentation | I5: Vêtements | J5: Medecins | K5: Presse | L5: Assurances | M5: Péage | N5: Habitation
A6: LEROY | B6: Logement | C6: Travaux | I6: Divers | L6: Travaux | M6: Parking
A7: KIABI | B7: Quotidien | C7: Vêtements | I7: Nérée | L7: Ameublement
A8: EDF | B8: Logement | C8: Energie | I8: Cadeaux
A9: ENERG SEYSSEL | B9: Logement | C9: Energie | I9: Beauté
A10: COURRIER | B10: Transports | C10: Parking | I10: Retraits
A11: AUCHAN DAC | B11: Transports | C11: Carburant
A12: AUCHAN | B12: Quotidien | C12: Alimentation
A13: LAHALLE | B13: Quotidien | C13: Vêtements
A14: FINANCE | B14: Abonnements | C14: Presse
A15: ROYAL CANIN | B15: Quotidien | C15: Nérée
A16: PHARM | B16: Santé | C16: Pharmacie
A17: AMAZON | B17: Transports | C17: Divers
A18: CPAM | B18: Santé | C18: Medecins
A19: VIR | B19: Divers | C19: Habitation
A20: CHQ | B20: Divers | C20: A classer
A21: MONDIAL RELAY | B21: Quotidien | C21: Divers
A22: SALON | B22: Quotidien | C22: Beauté
... A25: vir complement | B25: Logement | C25: Télécom
I52: Liste Catégorie 1 et Catégorie 2 en revenus
I53: Salaires | J53: Remboursements | K53: Ventes | L53: Dons et cadeaux
I54: Charline | J54: Santé | K54: Matériel | L54: Parents
I55: Loïc | J55: Retours magasins | K55: Jouets

Sheet Janv
A1: Données brutes (extraites des comptes) | N1: Données traitées (traitement des catégories)
A2: dateOp | B2: dateVal | C2: label | D2: category | E2: amount | N2: Date | O2: Label | P2: Extraction du mot clef | Q2: Catégorie | R2: Sous catégorie | S2: Montant | T2: Remarque
A3: 42396 | B3: 42396 | C3: VIR complement | D3: Virements reçus de comptes à comptes | E3: 1000 | N3: =A3 -> 42396 | O3: =C3 -> VIR complement | P3: =MATCH -> #NAME? | Q3: =VLOOKUP(P3,Catégories!A3:C50,2,TRUE) -> #NAME? | R3: =VLOOKUP(P3,Catégories!A3:C50,3) -> #NAME? | S3: =E3 -> 1000
A4: 42396 | B4: 42396 | C4: PRLV SEPA DIRECTION GENERALE DES FINANCE | D4: Taxe d'habitation | E4: -876 | N4: =A4 -> 42396 | O4: =C4 -> PRLV SEPA DIRECTION GENERALE DES FINANCE | P4: =VLOOKUP(O4,Catégories!A3:C50,1,FALSE) -> #N/A | S4: -876
A5: 42396 | B5: 42396 | C5: VIR SEPA CPAM ANNECY | D5: Remboursements frais de santé | E5: 15.1 | N5: =A5 -> 42396 | O5: =C5 -> VIR SEPA CPAM ANNECY | P5: =VLOOKUP(O5,Catégories!A5:C28,1,FALSE) -> #N/A | S5: =E5 -> 15.1
A6: 42395 | B6: 42395 | C6: PAIEMENT CARTE 240116 75 AMAZON PAYMENTS | D6: Divertissement - culture (ciné, théâtre, concerts...) | E6: -1.07 | N6: =A6 -> 42395 | O6: =C6 -> PAIEMENT CARTE 240116 75 AMAZON PAYMENTS | P6: =VLOOKUP(O6,Catégories!A6:C29,1,FALSE) -> #N/A | S6: =E6 -> -1.07
A7: 42395 | B7: 42395 | C7: PAIEMENT CARTE 240116 75 AMAZON EU SARL | D7: Divertissement - culture (ciné, théâtre, concerts...) | E7: -26.43 | N7: =A7 -> 42395 | O7: =C7 -> PAIEMENT CARTE 240116 75 AMAZON EU SARL | P7: =VLOOKUP(O7,Catégories!A7:C30,1,FALSE) -> #N/A | S7: =E7 -> -26.43
A8: 42395 | B8: 42395 | C8: PAIEMENT CARTE 240116 75 AMAZON PAYMENTS | D8: Divertissement - culture (ciné, théâtre, concerts...) | E8: -14.89 | N8: =A8 -> 42395 | O8: =C8 -> PAIEMENT CARTE 240116 75 AMAZON PAYMENTS | P8: =VLOOKUP(O8,Catégories!A8:C31,1,FALSE) -> #N/A | S8: =E8 -> -14.89
A9: 42395 | B9: 42395 | C9: PAIEMENT CARTE 250116 74 MCP SARL | D9: Alimentation | E9: -18.3 | N9: =A9 -> 42395 | O9: =C9 -> PAIEMENT CARTE 250116 74 MCP SARL | P9: =VLOOKUP(O9,Catégories!A9:C32,1,FALSE) -> #N/A | S9: =E9 -> -18.3
A10: 42395 | B10: 42395 | C10: VIR complement | D10: Virements reçus de comptes à comptes | E10: 400 | N10: =A10 -> 42395 | O10: =C10 -> VIR complement | P10: =VLOOKUP(O10,Catégories!A10:C33,1,FALSE) -> vir complement | S10: =E10 -> 400
A11: 42395 | B11: 42395 | C11: CHQ. N.5862396 | D11: Chèques | E11: -53 | N11: =A11 -> 42395 | O11: =C11 -> CHQ. N.5862396 | P11: =VLOOKUP(O11,Catégories!A11:C34,1,FALSE) -> #N/A | S11: =E11 -> -53
A12: 42394 | B12: 42394 | C12: CHQ. N.1824136 | D12: Chèques | E12: -8.4 | N12: =A12 -> 42394 | O12: =C12 -> CHQ. N.1824136 | P12: =VLOOKUP(O12,Catégories!A12:C35,1,FALSE) -> #N/A | S12: =E12 -> -8.4
A13: 42394 | B13: 42394 | C13: VIR SEPA MNH | D13: Autres remboursements | E13: 11.67 | N13: =A13 -> 42394 | O13: =C13 -> VIR SEPA MNH | P13: =VLOOKUP(O13,Catégories!A13:C36,1,FALSE) -> #N/A | S13: =E13 -> 11.67
A14: 42394 | B14: 42394 | C14: PAIEMENT CARTE 220116 74 SALON COTE CAMP | D14: Bien-être et soins (coiffeur, parfums...) | E14: -36 | N14: =A14 -> 42394 | O14: =C14 -> PAIEMENT CARTE 220116 74 SALON COTE CAMP | P14: =VLOOKUP(O14,Catégories!A14:C37,1,FALSE) -> #N/A | S14: =E14 -> -36
A15: 42394 | B15: 42394 | C15: RETRAIT DAB 220116 ALLONZIER 2 CB*9340 | D15: Alimentation | E15: -10 | N15: =A15 -> 42394 | O15: =C15 -> RETRAIT DAB 220116 ALLONZIER 2 CB*9340 | P15: =VLOOKUP(O15,Catégories!A15:C38,1,FALSE) -> #N/A | S15: =E15 -> -10
A16: 42394 | B16: 42394 | C16: PAIEMENT CARTE 220116 75 AMAZON EU SARL | D16: Divertissement - culture (ciné, théâtre, concerts...) | E16: -10 | N16: =A16 -> 42394 | O16: =C16 -> PAIEMENT CARTE 220116 75 AMAZON EU SARL | P16: =VLOOKUP(O16,Catégories!A16:C39,1,FALSE) -> #N/A | S16: =E16 -> -10
A17: 42394 | B17: 42394 | C17: RETRAIT DAB 220116 ALLONZIER 2 CB*9340 | D17: Retraits cash | E17: -30 | S17: =E17 -> -30
A18: 42394 | B18: 42394 | C18: PAIEMENT CARTE 230116 59 MONDIAL RELAY | D18: Vie Quotidienne - Autres | E18: -14.6 | S18: =E18 -> -14.6
A19: 42394 | B19: 42394 | C19: PAIEMENT CARTE 230116 59 MONDIAL RELAY | D19: Vie Quotidienne - Autres | E19: -6.7 | S19: =E19 -> -6.7
A20: 42394 | B20: 42394 | C20: CHQ. N.1023692 | D20: Chèques | E20: -35.58 | S20: =E20 -> -35.58
A21: 42394 | B21: 42394 | C21: CHQ. N.1824135 | D21: Chèques | E21: -8.4 | S21: =E21 -> -8.4
A22: 42394 | B22: 42394 | C22: AVOIR 230116 75 AMAZON EU SARL | D22: Divertissement - culture (ciné, théâtre, concerts...) | E22: 7.7 | S22: =E22 -> 7.7
A23: 42394 | B23: 42394 | C23: PAIEMENT CARTE 230116 74 AUCHAN ANNECY | D23: Alimentation | E23: -17.48 | S23: =E23 -> -17.48
A24: 42394 | B24: 42394 | C24: PAIEMENT CARTE 230116 74 BOUCHERIE HOFER | D24: Alimentation | E24: -29.68 | S24: =E24 -> -29.68
A25: 42394 | B25: 42394 | C25: AVOIR 230116 75 AMAZON EU SARL | D25: Divertissement - culture (ciné, théâtre, concerts...) | E25: 17.9 | S25: =E25 -> 17.9
A26: 42394 | B26: 42394 | C26: PAIEMENT CARTE 230116 75 AMAZON EU SARL | D26: Divertissement - culture (ciné, théâtre, concerts...) | E26: -26.28 | S26: =E26 -> -26.28
A27: 42394 | B27: 42394 | C27: PAIEMENT CARTE 230116 IE ETSY.COM - IMAG | D27: Non catégorisé | E27: -6.84 | S27: =E27 -> -6.84

Sheet Fév

Sheet Mars

Sheet Avril

Sheet Mai

Sheet Juin

Sheet Juillet

Sheet Aout

Sheet Sept

Sheet Oct

Sheet Nov

Sheet Dec
